 Dungeon Crawl Stone Soup version 0.28-a0-1387-g3a22ab9bdc (webtiles) character file.

Game seed: 6877701164350510695

3 croobank the Bolt Thrower (level 1, -3/16 HPs)
             Began as a Demonspawn Hunter on Jan 2, 2022.
             Slain by a gnoll (5 damage)
             ... on level 1 of the Dungeon.
             The game lasted 00:00:34 (103 turns).

croobank the Bolt Thrower (Demonspawn Hunter)        Turns: 103, Time: 00:00:35

Health: -3/16      AC:  3    Str: 12    XL:     1   Next: 41%
Magic:  1/1        EV: 11    Int: 12    God:
Gold:   18         SH:  5    Dex: 13    Spells: 0/0 levels left

rFire   . . .      SeeInvis .   b - +0 short sword
rCold   . . .      Faith    .   (no shield)
rNeg    . . .      Spirit   .   c - +0 leather armour
rPois   .          Reflect  +   (no helmet)
rElec   .          Harm     .   (no cloak)
rCorr   .          Rampage  .   (no gloves)
Will    .....                   (no boots)
Stlth   +.........              e - amulet of reflection
HPRegen 0.05/turn               (no ring)
MPRegen 0.07/turn               (no ring)

@: no status effects
A: no striking features
a: no special abilities


You were on level 1 of the Dungeon.
You visited 1 branch of the dungeon, and saw 1 of its levels.

You collected 18 gold pieces.

Inventory:

Hand Weapons
 a - a +1 hand crossbow
 b - a +0 short sword (weapon)
Missiles
 d - 20 bolts
Armour
 c - a +0 leather armour (worn)
Jewellery
 e - an amulet of reflection (around neck)


   Skills:
 + Level 2.0 Fighting
 + Level 3.6 Crossbows
 + Level 1.8 Dodging
 + Level 1.0 Stealth


You couldn't memorise any spells.
You didn't know any spells.
Your spell library was empty.

Dungeon Overview and Level Annotations

Branches:
Dungeon (1/15)

Altars:


Message History

Your Stealth skill increases to level 1!
You see here a +0 club.
You now have 15 gold pieces (gained 12).
A hobgoblin and a gnoll come into view.
The hobgoblin shouts!
You see here 3 gold pieces.
You now have 18 gold pieces (gained 3).
The gnoll shouts!
You hit the hobgoblin.
The hobgoblin is heavily wounded.
The hobgoblin hits you.
You closely miss the hobgoblin.
The hobgoblin is heavily wounded.
The hobgoblin barely misses you. You block the hobgoblin's attack.
You closely miss the hobgoblin.
The hobgoblin is heavily wounded.
You block the hobgoblin's attack.
You closely miss the hobgoblin.
The hobgoblin is heavily wounded.
The hobgoblin hits you.
You hit the hobgoblin.
You kill the hobgoblin!
Unknown command.
You hit the gnoll.
The gnoll is moderately wounded.
The gnoll closely misses you.
You hit the gnoll.
The gnoll is heavily wounded.
The gnoll hits you with a +0 club.
You closely miss the gnoll.
The gnoll is heavily wounded.
The gnoll hits you with a +0 club.
You barely miss the gnoll.
The gnoll is heavily wounded.
The gnoll hits you with a +0 club.
* * * LOW HITPOINT WARNING * * *
You hit the gnoll.
The gnoll is heavily wounded.
The gnoll hits you with a +0 club.
You die...

#...... #.##... #.<#...
#...... #+#+# ## ##..##.
#.#.# . ........ #.#.#.#
###.#### #######.#.#.#####
#..... ......g@.........
..>...
#######.......##########
#.......+ ###.......#
########...#........
#....)...#################
+.†......................#
#.......################.#
.....###+## #.#


You could see a gnoll.

Vanquished Creatures
  A goblin (D:1)
  A hobgoblin (D:1)
  A rat (D:1)
3 creatures vanquished.

Notes
Turn   | Place    | Note
-------+----------+-------------------------------------------
     0 | D:1      | croobank the Demonspawn Hunter began the quest for the Orb.
     0 | D:1      | Reached XP level 1. HP: 16/16 MP: 1/1
    78 | D:1      | Reached skill level 1 in Stealth
   103 | D:1      | Slain by a gnoll

Illustrated notes

Levels and vault maps discovered:
D:1:      dpeg_arrival_lava_altar, layout_basic

Skill      XL: |  1 |
---------------+----+-----
Stealth        | 1 |  1.0
Fighting       | |  2.0
Crossbows      | |  3.6
Dodging        | |  1.8

Action                   || total
-------------------------++-------
Melee: Short sword       ||    11
 Fire: Hand crossbow     ||     1
Dodge: Dodged            ||     2
Block: Other             ||     2

Table legend: (Time is in decaauts)
 A = Elapsed time spent in this place.
 B = Non-inter-level travel time spent in this place.
 C = Inter-level travel time spent in this place.
 D = Time resting spent in this place.
 E = Time spent auto-exploring this place.
 F = Levels seen in this place.
 G = Mean time per level.
                   A        B        C        D        E       F      G
               +--------+--------+--------+--------+--------+-----+--------+
         Total |    103 |    103 |      0 |      0 |     57 |   1 |  103.0 |
       Dungeon |    103 |    103 |      0 |      0 |     57 |   1 |  103.0 |
               +--------+--------+--------+--------+--------+-----+--------+

Top non-repeatable levels by time:
     D:1: 103 daAuts
